 Dungeon Crawl Stone Soup version 0.17.1-1-g73c8601 (webtiles) character file.

11871 Peloso the Blocker (level 11, -1/97 HPs)
             Began as a Minotaur Fighter on Dec 19, 2015.
             Was a High Priest of Okawaru.
             Slain by a gnoll
             ... wielding a +1 halberd of electrocution
              (4 damage)
             ... in a bailey.
             The game lasted 00:36:34 (11523 turns).

Peloso the Blocker (Minotaur Fighter)              Turns: 11523, Time: 00:36:34

Health: -1/97      AC: 24    Str: 23    XL:     11   Next: 55%
Magic:  10/10      EV:  9    Int:  5    God:    Okawaru [*****.]
Gold:   1104       SH: 13    Dex: 11    Spells: 0 memorised, 10 levels left

rFire  . . .     SeeInvis .     j - +1 scimitar (flame)
rCold  . . .     Clarity  .     H - +0 plate armour
rNeg   . . .     SustAt   .     c - +0 shield
rPois  .         Gourm    .     d - +2 hat
rElec  .         Spirit   .     v - +0 cloak
rCorr  .         Warding  .     T - +0 pair of gloves
rMut   .         Stasis   .     (no boots)
MR     .....                    u - amulet of rage
Stlth  ..........               C - ring of wizardry
                                g - +5 ring of protection

@: not resistant to hostile enchantments, extremely unstealthy
A: retaliatory headbutt, horns 2
a: Heroism, Finesse, Renounce Religion, Evoke Berserk Rage


You were in a bailey.
You worshipped Okawaru.
Okawaru was extremely pleased with you.
You were not hungry.

You visited 2 branches of the dungeon, and saw 13 of its levels.
You also visited: Sewer, Ossuary and Bailey.

You collected 1104 gold pieces.

Inventory:

Hand Weapons
 a - a +0 long sword
 b - the +7 whip of Untruth {antimagic, MP+9}
   (You found it on level 8 of the Dungeon)

   It disrupts the flow of magical energy around spellcasters and certain
   magical creatures (including the wielder).
   It affects your magic capacity (+9).
 j - a +1 scimitar of flaming (weapon)
 L - a +0 long sword of holy wrath
Armour
 c - a +0 shield (worn)
 d - a +2 hat (worn)
 v - a +0 cloak (worn)
 H - a +0 plate armour (worn)
 T - a +0 pair of gloves (worn)
Jewellery
 g - a +5 ring of protection (left hand)
 n - an uncursed ring of positive energy
 u - an amulet of rage (around neck)
 C - a ring of wizardry (right hand)
 V - a cursed ring of teleportation {unknown}
Wands
 l - a wand of draining (0)
 q - a wand of hasting (5)
 B - a wand of cold (8)
 Q - a wand of draining (2)
 R - a wand of digging (16)
Scrolls
 k - a scroll of magic mapping
 m - 7 scrolls of remove curse
 p - 6 scrolls of teleportation
 r - a scroll of fear {unknown}
 w - 2 scrolls of blinking
 x - 2 scrolls of amnesia
 y - a scroll of fog
 z - a scroll of enchant weapon
 K - 6 scrolls of identify
 M - a scroll of enchant armour {unknown}
 N - a scroll of recharging
 P - a scroll of immolation {unknown}
Potions
 h - 7 potions of curing
 i - 2 potions of magic {unknown}
 s - a potion of haste {unknown}
 t - a potion of ambrosia {unknown}
 A - 5 potions of poison {unknown}
 D - 2 potions of mutation {unknown}
 E - 2 potions of flight {unknown}
 G - 3 potions of invisibility {unknown}
 I - 2 potions of beneficial mutation {unknown}
 J - 2 potions of resistance {unknown}
 S - a potion of lignification {unknown}
 W - a potion of berserk rage
Comestibles
 e - 6 bread rations
 f - 2 fruits
 o - 11 royal jellies
 F - 6 meat rations
 O - 2 beef jerkies


   Skills:
 + Level 9.1 Fighting
 + Level 11.1 Long Blades
 + Level 10.1 Armour
 + Level 7.1 Dodging
 + Level 1.7 Stealth
 + Level 12.3 Shields
 + Level 0.3 Evocations


You had 10 spell levels left.
You didn't know any spells.

Dungeon Overview and Level Annotations

Branches:
Dungeon (12/15)            Temple (1/1) D:7            Lair (0/8) D:9
    Orc (0/4) D:10

Altars:
Ashenzari
Cheibriados
Dithmenos
Elyvilon
Fedhas
Gozag
Kikubaaqudgha
Okawaru
Qazlal
Ru
Vehumet
Xom
Yredelemnul
Zin
The Shining One
Jiyva

Shops:
D:8 *?

Annotations:
D:11 exclusion: ice statue


Innate Abilities, Weirdness & Mutations

You reflexively headbutt those who attack you in melee.
You have a pair of horns on your head.


Message History

You hit the hobgoblin. You burn the hobgoblin.
The hobgoblin is heavily wounded.
You block the gnoll's attack.
You closely miss the hobgoblin. You headbutt the hobgoblin.
The hobgoblin is almost dead.
You block the hobgoblin's attack. The gnoll closely misses you.
You completely miss the hobgoblin. Your headbutt misses the hobgoblin.
The hobgoblin is almost dead.
The hobgoblin drinks a potion.
The hobgoblin is healed!
Your shield and plate armour prevent you from hitting the hobgoblin.
You block the gnoll's attack.
The hobgoblin hits you but does no damage.
You slice the hobgoblin!! You burn the hobgoblin.
You kill the hobgoblin!
The gnoll hits you from afar with a halberd of electrocution!
* * * LOW HITPOINT WARNING * * *
You are electrocuted!
* * * LOW HITPOINT WARNING * * *
The gnoll hits you with a halberd of electrocution.
You die...

#'# ### ##### ### ##
#)###)###.#g# .# #.#
##'##(##)###'##'##'#
##..(((## #.....#
###...(.#####.....###
#.'..⌠..'.# '..⌠..'.#
###.....### #((...#
#.....## ##g)...#
#'##'##'###@##'##'#
#.# #.###.')## # ##
### #####


You could see a gnoll.

Vanquished Creatures
  A hydra (D:12)
  Erica (D:8)
  2 hill giants
  An ugly thing (D:11)
  A cyclops (D:12)
  The ghost of Peloso the Shield-Bearer, an amateur MiFi (D:5)
  2 trolls
  Grinder (D:3)
  2 deep elf magi
  A basilisk (D:11)
  3 hippogriffs
  2 hungry ghosts
  2 vampire mosquitoes (D:11)
  Menkaure (D:6)
  A water moccasin (D:9)
  3 ice beasts
  6 ogres
  3 sky beasts
  8 orc warriors
  A necrophage (D:9)
  4 phantoms
  5 centaurs
  3 elf zombies (Ossuary)
  A big kobold (D:11)
  9 giant frogs
  A gnoll sergeant (D:9)
  A water moccasin zombie (D:9)
  2 wyvern skeletons
  A water moccasin skeleton (D:7)
  A scorpion (D:12)
  3 killer bees (D:11)
  5 wights (D:4)
  3 electric eels (D:11)
  3 crimson imps
  7 jellies
  6 hounds
  A giant frog zombie (D:7)
  6 orc priests
  Crazy Yiuf (D:2)
  Ijyb (D:3)
  A centaur skeleton (D:8)
  3 giant frog skeletons
  3 iguanas
  8 orc wizards
  Terence (D:2)
  11 worker ants
  3 big kobold zombies (Ossuary)
  2 sheep (D:12)
  2 hound zombies
  A hound skeleton (D:9)
  2 mummies (Ossuary)
  Robin (D:2)
  5 adders
  25 gnolls
  11 oozes
  An adder skeleton (D:5)
  3 worms (Sewer)
  12 giant geckos
  39 orcs
  8 giant cockroaches
  27 hobgoblins
  5 quokkas
  A ball python (D:3)
  A ball python skeleton (D:4)
  10 bats
  A giant gecko zombie (D:7)
  7 giant newts
  3 gnoll zombies (Ossuary)
  13 goblins
  2 goblin zombies (Ossuary)
  2 hobgoblin zombies (Ossuary)
  25 jackals
  A jackal skeleton (D:7)
  21 kobolds
  An orc zombie (Ossuary)
  A quokka skeleton (D:4)
  5 rats
375 creatures vanquished.

Notes
Turn   | Place    | Note
--------------------------------------------------------------
     0 | D:1      | Peloso the Minotaur Fighter began the quest for the Orb.
     0 | D:1      | Reached XP level 1. HP: 19/19 MP: 0/0
   186 | D:1      | Reached XP level 2. HP: 25/27 MP: 1/1
   307 | D:1      | Reached skill level 4 in Shields
   696 | D:2      | Reached XP level 3. HP: 29/33 MP: 2/2
   698 | D:2      | Noticed Robin
   725 | D:2      | Killed Robin
   725 | D:2      | Reached skill level 1 in Dodging
   962 | D:2      | Noticed Terence
   973 | D:2      | Killed Terence
   973 | D:2      | Reached XP level 4. HP: 40/40 MP: 3/3
  1063 | D:2      | Noticed Crazy Yiuf
  1071 | D:2      | Killed Crazy Yiuf
  1130 | D:2      | Found a basalt altar of Yredelemnul.
  1539 | D:3      | Noticed Ijyb
  1542 | D:3      | Reached XP level 5. HP: 46/46 MP: 4/4
  1558 | D:3      | Killed Ijyb
  1558 | D:3      | Reached skill level 5 in Shields
  1611 | D:3      | Noticed Grinder
  1625 | D:3      | Paralysed by Grinder for 7 turns
  1637 | D:3      | Paralysed by Grinder for 4 turns
  1646 | D:3      | Killed Grinder
  1646 | D:3      | Reached skill level 5 in Armour
  1646 | D:3      | Reached XP level 6. HP: 42/53 MP: 5/5
  1695 | D:3      | Noticed an ogre
  1708 | D:3      | Killed an ogre
  1842 | D:3      | Noticed a sky beast
  1855 | D:3      | Killed a sky beast
  1855 | D:3      | Reached XP level 7. HP: 39/60 MP: 6/6
  1861 | D:3      | Found an opulent altar of Gozag.
  1861 | D:3      | Found a stormy altar of Qazlal.
  1992 | D:3      | Found a faded altar to an unknown god.
  2440 | D:4      | Reached skill level 5 in Long Blades
  2566 | D:4      | Reached skill level 5 in Fighting
  2566 | D:4      | Reached skill level 6 in Shields
  2642 | D:4      | Found an iron altar of Okawaru.
  2661 | D:4      | Became a worshipper of Warmaster Okawaru
  2830 | D:4      | Reached XP level 8. HP: 31/68 MP: 7/7
  3188 | D:5      | Entered Level 5 of the Dungeon
  3246 | D:5      | Found a glowing drain.
  3259 | Sewer    | Entered a sewer
  3607 | Sewer    | Reached skill level 7 in Shields
  3814 | D:5      | Reached skill level 5 in Dodging
  3860 | D:5      | Found a glowing silver altar of Zin.
  3972 | D:5      | Noticed Peloso's ghost (amateur MiFi)
  4184 | D:5      | Killed Peloso's ghost
  4184 | D:5      | Reached * piety under Okawaru
  4184 | D:5      | Reached skill level 8 in Shields
  4307 | D:5      | Reached skill level 1 in Stealth
  4853 | D:6      | Noticed Menkaure
  4860 | D:6      | Killed Menkaure
  4860 | D:6      | Reached ** piety under Okawaru
  4860 | D:6      | Reached XP level 9. HP: 32/75 MP: 8/8
  5215 | D:6      | Reached skill level 9 in Shields
  5559 | D:6      | Found an iron altar of Okawaru.
  5788 | D:6      | Found a shadowy altar of Dithmenos.
  5981 | D:7      | Found a snail-covered altar of Cheibriados.
  6099 | D:7      | Found a blossoming altar of Fedhas.
  6110 | D:7      | Found a sacrificial altar of Ru.
  6250 | D:7      | Found a staircase to the Ecumenical Temple.
  6267 | Temple   | Entered the Ecumenical Temple
  6566 | D:8      | Found Fiyses's Magic Scroll Emporium.
  6567 | D:8      | Got a faintly glowing whip
  6654 | D:8      | Reached *** piety under Okawaru
  6685 | D:8      | Found a sand-covered staircase.
  6691 | Ossuary  | Entered an ossuary
  6756 | Ossuary  | Reached skill level 10 in Shields
  6922 | D:8      | Noticed Erica
  6941 | D:8      | HP: 2/78 [something/bolt of poison (25)]
  6950 | D:8      | Killed Erica
  6950 | D:8      | Reached XP level 10. HP: 28/86 MP: 9/9
  7217 | D:8      | Identified the +7 whip of Untruth {antimagic, MP+9} (You found it on level 8 of the Dungeon)
  7262 | D:8      | Found an opulent altar of Gozag.
  7383 | D:8      | Reached **** piety under Okawaru
  7422 | D:8      | Found Bungi's General Store.
  7468 | D:8      | Found a white marble altar of Elyvilon.
  7747 | D:9      | Noticed a hill giant
  7758 | D:9      | Killed a hill giant
  8012 | D:9      | Found a staircase to the Lair.
  8102 | D:9      | Reached skill level 11 in Shields
  8241 | D:10     | Entered Level 10 of the Dungeon
  8332 | D:10     | Received a gift from Okawaru
  8345 | D:10     | Found a staircase to the Orcish Mines.
  8911 | D:10     | Noticed a hill giant
  8920 | D:10     | Killed a hill giant
  8920 | D:10     | Reached skill level 10 in Long Blades
  8920 | D:10     | Reached XP level 11. HP: 59/94 MP: 10/10
 10259 | D:11     | Reached ***** piety under Okawaru
 11126 | D:12     | Reached skill level 12 in Shields
 11135 | D:12     | Reached skill level 10 in Armour
 11299 | D:12     | Noticed a seven-headed hydra
 11306 | D:12     | Killed a three-headed hydra
 11309 | D:12     | Found a flagged portal.
 11323 | Bailey   | Entered a bailey
 11522 | Bailey   | HP: 2/97 [gnoll/halberd of electrocution (10)]
 11523 | Bailey   | Slain by a gnoll

Action                   |  1- 3 |  4- 6 |  7- 9 | 10-12 || total
-------------------------+-------+-------+-------+-------++-------
Melee: Long sword        |    89 |    98 |   580 |       ||   767
       Scimitar          |       |       |       |   510 ||   510
Invok: Heroism           |       |       |     1 |       ||     1
Evoke: Wand              |       |       |       |     4 ||     4
  Use: Potion            |     1 |       |     3 |       ||     4
       Scroll            |       |       |    12 |     3 ||    15
  Eat: Chunk             |       |     3 |    18 |    14 ||    35
       Beef jerky        |       |       |     2 |       ||     2
       Fruit             |       |       |       |     1 ||     1
       Pizza             |       |       |       |     1 ||     1
